 Dungeon Crawl Stone Soup version 0.24-a0-619-gb7544fd237 (webtiles) character file.

Game seed: 2032435391367610539, levelgen mode: deterministic

1476 Ijustatesigmund the Cleaver (level 8, -3/67 HPs)
             Began as a Minotaur Monk on Sept 18, 2019.
             Slain by an orc
             ... wielding a +0 trident
              (8 damage)
             ... on level 6 of the Dungeon.
             The game lasted 00:08:53 (4498 turns).

Ijustatesigmund the Cleaver (Minotaur Monk)         Turns: 4498, Time: 00:08:55

Health: -3/67      AC:  6    Str: 17    XL:     8   Next: 49%
Magic:  7/7        EV: 13    Int:  8    God:
Gold:   258        SH:  0    Dex: 13    Spells: 7/7 levels left

rFire    . . .     SeeInvis .   a - +0 war axe
rCold    . . .     Gourm    .   (no shield)
rNeg     . . .     Faith    .   b - +2 leather armour {rPois}
rPois    +         Spirit   .   (helmet restricted)
rElec    .         Reflect  .   (no cloak)
rCorr    .         Harm     .   q - +0 pair of gloves
MR       .....                  (no boots)
Stlth    ++........             (no amulet)
HPRegen  0.21/turn              (no ring)
MPRegen  0.10/turn              (no ring)

@: no status effects
A: retaliatory headbutt, horns 2
a: no special abilities


You were on level 6 of the Dungeon.
You were not hungry.

You visited 1 branch of the dungeon, and saw 6 of its levels.

You collected 258 gold pieces.

Inventory:

Hand Weapons
 a - a +0 war axe (weapon)
 t - a +1 mace of protection
Missiles
 i - 7 javelins (quivered)
 r - 25 poisoned darts
Armour
 b - a +2 leather armour of poison resistance (worn)
 q - a +0 pair of gloves (worn)
Jewellery
 o - an uncursed ring of ice
Wands
 d - a wand of random effects (14)
 s - a wand of enslavement (11)
Scrolls
 e - 2 scrolls of immolation
 f - a scroll of fear
 k - 2 scrolls of remove curse
 m - a scroll of fog
 u - 3 scrolls of identify
Potions
 l - a potion of flight
Comestibles
 c - 7 rations


   Skills:
 - Level 4.8 Fighting
 + Level 12.3 Axes
 - Level 1.1 Throwing
 - Level 3.2 Dodging
 - Level 1.5 Stealth


You had 7 spell levels left.
You didn't know any spells.
Your spell library was empty.

Dungeon Overview and Level Annotations

Branches:
Dungeon (6/15)
 Temple: D:4-7

Altars:
Ashenzari
Uskayaw
Wu Jian
Yredelemnul
Zin
The Shining One


Innate Abilities, Weirdness & Mutations

You reflexively headbutt those who attack you in melee.
You have a pair of horns on your head.


Message History

The orc wizard points at you and mumbles some strange words.
The puff of frost misses you.
You barely miss the orc warrior.
The orc warrior is severely wounded.
You completely miss the orc wizard. The orc barely misses you.
The orc warrior hits you but does no damage.
The orc wizard casts a spell at you. The puff of flame hits you.
* * * LOW HITPOINT WARNING * * *
You feel better. The orc wizard barely misses you. The orc misses you.
The orc warrior hits you with a +0 long sword!!
* * * LOW HITPOINT WARNING * * *
You slash the orc warrior!
You kill the orc warrior!
You miss the orc wizard. The orc wizard casts a spell at you.
The magic dart hits you.
* * * LOW HITPOINT WARNING * * *
The orc hits you from afar with a +0 trident!
You die...

.. ####..รท..#....#.. ..
.. ###...#......# ... ..
#....#...####....
..######....((..#.##...#
......................#
.....#.......)(......#
.....##.......(...##?#
.....##.........(.###
.....#.#...###..@o..#
.........#.# ##.))!.#
.......?.#.##.###.o.#
........#......##..##
#.#.#...##.##..Y....
##.?.....((..# .#....
......#.##..###.###...
.....#####.............
.....# #........#..


You could see an orc wizard and an orc.

Vanquished Creatures
  2 orc warriors (D:6)
  An ice beast (D:5)
  A sky beast (D:6)
  4 ogres
  2 centaurs (D:5)
  2 bullfrogs (D:6)
  A howler monkey (D:5)
  A crimson imp (D:6)
  A hound (D:6)
  A centaur zombie (D:5)
  3 orc wizards
  An iguana (D:5)
  3 worker ants (D:5)
  4 gnolls (D:5)
  2 adders
  2 shadow imps
  An adder skeleton (D:5)
  An adder zombie (D:5)
  7 worms
  2 dart slugs (D:3)
  8 leopard geckos
  14 orcs
  3 bats
  3 giant cockroaches
  4 goblins (D:1)
  A hobgoblin (D:1)
  2 jackals (D:3)
  A quokka (D:5)
  4 frilled lizards (D:1)
  6 kobolds
  2 quokka skeletons
  10 rats
  A bush (D:2)
101 creatures vanquished.

Notes
Turn   | Place    | Note
-------+----------+-------------------------------------------
     0 | D:1      | Ijustatesigmund the Minotaur Monk began the quest for the
                  | Orb.
     0 | D:1      | Reached XP level 1. HP: 19/19 MP: 0/0
   196 | D:1      | Reached skill level 4 in Axes
   197 | D:1      | Reached XP level 2. HP: 27/27 MP: 1/1
   777 | D:2      | Reached XP level 3. HP: 26/34 MP: 2/2
  1294 | D:2      | Found an ornate altar of the Wu Jian Council.
  2045 | D:3      | Reached skill level 1 in Throwing
  2045 | D:3      | Reached XP level 4. HP: 37/41 MP: 3/3
  2233 | D:4      | Found a glowing golden altar of the Shining One.
  2289 | D:4      | Found a hide-covered altar of Uskayaw.
  2457 | D:4      | Reached skill level 5 in Axes
  2477 | D:4      | Found a shattered altar of Ashenzari.
  2790 | D:5      | Entered Level 5 of the Dungeon
  2807 | D:5      | Noticed an ogre
  2816 | D:5      | Reached skill level 6 in Axes
  2816 | D:5      | Reached XP level 5. HP: 47/47 MP: 4/4
  2816 | D:5      | Killed an ogre
  2816 | D:5      | Reached skill level 7 in Axes
  2817 | D:5      | Reached XP level 6. HP: 55/55 MP: 5/5
  2853 | D:5      | Reached skill level 8 in Axes
  3175 | D:5      | Reached skill level 9 in Axes
  3175 | D:5      | Reached XP level 7. HP: 21/60 MP: 6/6
  3495 | D:5      | Found a basalt altar of Yredelemnul.
  3661 | D:5      | Reached skill level 10 in Axes
  3964 | D:6      | Found a glowing silver altar of Zin.
  4028 | D:6      | Reached skill level 11 in Axes
  4028 | D:6      | Reached XP level 8. HP: 18/67 MP: 7/7
  4354 | D:6      | Reached skill level 12 in Axes
  4498 | D:6      | Slain by an orc

Levels and vault maps discovered:
D:1:      psy_arrival_radial02, layout_basic
D:2:      layout_loops_ring, lemuel_coloured_pillars_altar, serial_forest,
          infiniplex_forest_join, infiniplex_forest_clump_long,
          infiniplex_forest_clump_large, infiniplex_forest_clump_diagonal,
          solitary_fountain
D:3:      layout_basic, first_ration, kennysheep_generic_room_9
D:4:      layout_loops_ring, overflow_temple_1_default, evilmike_ruin_ashenzari,
          eat_drink_and_be_merry_uskayaw
D:5:      layout_basic, lemuel_crystal_altar
D:6:      layout_cave_pools, lemuel_crystal_altar

Skill      XL: |  1  2  3  4  5  6  7  8 |
---------------+-------------------------+-----
Fighting       | 4 |  4.8
Axes           | 4 6 7 9 11 12 | 12.3
Throwing       | 1 |  1.1
Dodging        | |  3.2
Stealth        | |  1.5

Action                   |  1- 3 |  4- 6 |  7- 9 || total
-------------------------+-------+-------+-------++-------
Melee: Hand axe          |   186 |     6 |       ||   192
       Headbutt          |    44 |    16 |    13 ||    73
       War axe           |       |    58 |    70 ||   128
Throw: Dart              |       |     3 |     6 ||     9
       Javelin           |       |       |    10 ||    10
  Use: Scroll            |    12 |     1 |     3 ||    16
       Potion            |       |     2 |     3 ||     5
 Stab: Sleeping          |     2 |       |       ||     2
       Invisible         |       |       |     1 ||     1
  Eat: Chunk             |     3 |     4 |     5 ||    12
Armor: Robe              |     7 |       |       ||     7
       Ring mail         |    11 |       |       ||    11
       Leather armour    |     7 |    12 |    14 ||    33
Dodge: Dodged            |    85 |    51 |    44 ||   180

Table legend:
 A = Non-vault XP
 B = Vault XP
 C = Vault XP percentage of total XP
 D = Non-vault monster count
 E = Vault monster count
 F = Vault count percentage of total count
                 A         B        C        D         E       F
            +---------+---------+-------+---------+---------+-------
      Total |    2108 |       1 |   0.0 |      99 |       1 |   1.0
            +---------+---------+-------+---------+---------+-------
        D:1 |      23 |       0 |   0.0 |      16 |       0 |   0.0
        D:2 |      36 |       0 |   0.0 |      11 |       0 |   0.0
        D:3 |      50 |       1 |   2.0 |      16 |       1 |   5.9
        D:4 |      16 |       0 |   0.0 |       5 |       0 |   0.0
        D:5 |    1135 |       0 |   0.0 |      35 |       0 |   0.0
        D:6 |     848 |       0 |   0.0 |      16 |       0 |   0.0
            +---------+---------+-------+---------+---------+-------
